 Dungeon Crawl Stone Soup version 0.18-a0-1692-g516f9e9 (webtiles) character file.

21181 Ratboiler the Basher (level 12, -9/168 HPs)
             Began as a Yellow Draconian Wanderer on Apr 3, 2016.
             Was an Initiate of Gozag.
             Mangled by a black mamba (11 damage)
             ... on level 4 of the Lair of Beasts on Apr 5, 2016.
             The game lasted 00:49:43 (23818 turns).

Ratboiler the Basher (Yellow Draconian Wanderer)   Turns: 23818, Time: 00:49:44

Health: -9/168     AC: 26    Str: 17    XL:     12   Next: 51%
Magic:  21/21      EV:  2    Int: 15    God:    Gozag
Gold:   1574       SH:  5    Dex: 17    Spells: 0 memorised, 11 levels left

rFire  . . .     SeeInvis .     a - +2 whip (elec)
rCold  + . .     Gourm    .     (armour unavailable)
rNeg   + + +     Faith    +     g - +0 buckler
rPois  +         Spirit   .     (helmet currently unavailable)
rElec  .         Dismiss  .     (cloak currently unavailable)
rCorr  .         Reflect  .     (gloves currently unavailable)
SustAt .         Harm     .     (boots currently unavailable)
MR     .....     NoTele   +     C - amulet of Vuduw {Faith rC+ MP+9 Int+3}
Stlth  +++.......               y - +3 ring of dexterity
                                O - ring of positive energy

@: tree-form, not resistant to hostile enchantments, fairly stealthy
A: (spit acid), (acid resistance), unfitting armour, (big wings), (cold
resistance 0), (cold-blooded), AC +8
a: Potion Petition, Call Merchant, Bribe Branch, Renounce Religion


You were on level 4 of the Lair of Beasts.
You worshipped Gozag.
Gozag was noncommittal.
You were not hungry.
You were a tree.
You visited 2 branches of the dungeon, and saw 15 of its levels.
You also visited: Labyrinth and Volcano.

You collected 3675 gold pieces.
You spent 145 gold pieces at shops.
You paid 1956 gold pieces to Gozag.

Inventory:

Hand Weapons
 a - a +2 whip of electrocution (weapon)
 b - a +4 blowgun
 m - the +2 hand axe of Isafiden {flame, rElec rPois rN+ Int+3}
   (You found it on level 8 of the Dungeon)

   It has been specially enchanted to burn those struck by it, causing extra
   injury to most foes and up to half again as much damage against particularly
   susceptible opponents.
   Big, fiery blades are also staple armaments of hydra-hunters.
   It affects your intelligence (+3).
   It insulates you from electricity.
   It protects you from poison.
   It protects you from negative energy.
Missiles
 W - 2 curare-tipped needles
Armour
 g - a +0 buckler (worn)
 G - a +1 cloak (melded)
Jewellery
 i - a +2 amulet of reflection
 y - a +3 ring of dexterity (right branch)
 C - the amulet of Vuduw (around neck) {Faith rC+ MP+9 Int+3}
   (You bought it in a shop on level 6 of the Dungeon)

   [amulet of faith]

   It allows you to gain divine favour quickly.
   It affects your intelligence (+3).
   It protects you from cold.
   It affects your magic capacity (+9).
 O - a ring of positive energy (left branch)
Wands
 h - a wand of disintegration (2/24)
 v - a wand of paralysis (18/24)
 E - a wand of teleportation (4/9)
 M - a wand of confusion (25/48)
 N - a wand of enslavement (7/24)
 R - a wand of enslavement (18/24)
 U - a wand of confusion (32/48)
 X - a wand of polymorph (19/24)
Scrolls
 j - 2 scrolls of fog
 l - 2 scrolls of amnesia
 o - 2 scrolls of immolation
 r - 2 scrolls of recharging
 s - a scroll of teleportation
 t - 4 scrolls of fear
 z - a scroll of magic mapping
 A - 2 scrolls of enchant weapon (quivered)
 D - 3 scrolls of remove curse
 F - a scroll of noise {unknown}
 K - a scroll of acquirement {unknown}
 Q - a scroll of blinking
 T - a scroll of brand weapon {unknown}
 V - a scroll of summoning {unknown}
 Z - 3 scrolls of enchant armour {unknown}
Potions
 d - 3 potions of lignification
 u - 2 potions of brilliance
 x - 3 potions of magic
 H - a potion of resistance
Books
 B - a book of Annihilations

   Spells                             Type                      Level
   a - Poison Arrow                   Conjuration/Poison           6
   b - Chain Lightning                Conjuration/Air              8
   c - Lehudib's Crystal Spear        Conjuration/Earth            8
   d - Glaciate                       Conjuration/Ice              9
   e - Fire Storm                     Conjuration/Fire             9
 I - a book of the Sky

   Spells                             Type                      Level
   a - Summon Lightning Spire         Summoning/Air                4
   b - Airstrike                      Air                          4
   c - Silence                        Hexes/Air                    5
   d - Deflect Missiles               Charms/Air                   6
   e - Conjure Ball Lightning         Conjuration/Air              6
   f - Tornado                        Air                          9
 J - a book of the Warp

   Spells                             Type                      Level
   a - Recall                         Summoning/Translocation      3
   b - Gell's Gravitas                Hexes/Translocation          3
   c - Force Lance                    Conjuration/Translocation    4
   d - Warp Weapon                    Charms/Translocation         5
   e - Summon Forest                  Summoning/Translocation      5
 L - a book of Changes

   Spells                             Type                      Level
   a - Beastly Appendage              Transmutation                1
   b - Sticks to Snakes               Transmutation                2
   c - Spider Form                    Transmutation/Poison         3
   d - Ice Form                       Ice/Transmutation            4
   e - Blade Hands                    Transmutation                5
Comestibles
 e - a fruit
 f - 2 bread rations


   Skills:
 + Level 11.9 Fighting
 - Level 12.0(12.1) Maces & Flails
   Level 3.0(8.4) Staves
 - Level 1.0 Throwing
 + Level 11.5 Dodging
 - Level 2.6 Stealth
 - Level 4.3 Shields


You had 11 spell levels left.
You didn't know any spells.

Dungeon Overview and Level Annotations

Branches:
Dungeon (11/15)            Temple (0/1) D:7            Lair (4/8) D:11
    Orc (0/2) D:10
  Swamp: Lair:3-6    Shoals: Lair:3-6     Snake: Lair:3-6    Spider: Lair:3-6

Altars:
Cheibriados
Gozag
Kikubaaqudgha
Makhleb
Nemelex Xobeh
Okawaru
Pakellas
Qazlal
Ru
Sif Muna
Vehumet
Zin
The Shining One

Shops:
D:4 }   D:5 !   D:6 *   D:7 [   D:10 %   Lair:1 =

Annotations:
D:4 ImaginaryIma's ghost, amateur DsNe
D:11 Maud
Lair:1 Urug


Innate Abilities, Weirdness & Mutations

((You can spit globs of acid.))
((You are resistant to acid.))
((Your golden yellow scales are hard (AC +8).))
Your body does not fit into most forms of armour.
((You are cold-blooded and may be slowed by cold attacks.))
((Your large and strong wings let you fly indefinitely.))
((Your flesh is cold resistant.))


Message History

Aim: a black mamba (severely wounded, chance to defeat MR: 46%)
The black mamba resists with some effort.
Evoking this partially-identified wand wasted a few charges.
You feel yourself speed up.
The black mamba bites you but does no damage. x4
The black mamba bites you.
* * * LOW HITPOINT WARNING * * *
The torpor snail bites you but does no damage.
Being near the torpor snail leaves you feeling lethargic.
Evoke which item? (* to show all) (? for menu, Esc to quit)
Zapping:
R - a wand of enslavement (will waste charges)
Press: ? - help, Shift-Dir - straight line, f - black mamba, p - black mamba
Aim: a black mamba (chance to defeat MR: 46%)
The black mamba resists with some effort.
Evoking this partially-identified wand wasted a few charges.
You feel yourself speed up.
The black mamba bites you but does no damage. x2
You block the black mamba's attack. x2; The black mamba bites you!
You die...
Your body crumbles into a pile of gold.

......................#
.......................
.......................
.......................
....................[..
.......................
.#P.......P####..P.#.
#.....S.### P##.#
##...♣S.# ## #.
##....w.# #...<...##
#........## ##........#
#........## #P.......#
### ####........#
##.####.###.......#


You could see a torpor snail and 2 black mambas.

Vanquished Creatures
  A minotaur (Lab)
  The ghost of Kidiri the Thaumaturge, a journeyman DEFE of Vehumet (D:11)
  The ghost of Ijustatesigmund the Unseen, a novice OpAs of Cheibriados (D:10)
  An unseen horror (D:11)
  7 black mambas
  4 spiny frogs
  3 komodo dragons
  2 trolls
  4 blink frogs (Lair:2)
  A wraith (D:10)
  11 yaks
  A shadow (D:10)
  2 humans (D:8)
  6 hippogriffs
  A hungry ghost (D:9)
  6 water moccasins
  10 porcupines
  A sky beast (D:6)
  5 orc warriors
  4 phantoms
  5 ogres
  4 black bears
  A wasp (D:11)
  2 ice beasts
  5 wolves (Lair:1)
  2 necrophages
  3 centaurs
  2 big kobolds
  8 crocodiles
  11 giant frogs
  An earth elemental (Lab)
  7 gnoll sergeants
  5 scorpions
  8 wights
  10 killer bees (D:8)
  A howler monkey (D:7)
  A lava snake (Lair:3)
  6 crimson imps
  2 quasits (D:10)
  3 centaur skeletons
  7 hounds
  4 orc priests
  2 giant frog skeletons (D:9)
  A giant frog zombie (D:5)
  5 jellies
  8 orc wizards
  2 iguanas
  3 hell rats (D:11)
  9 worker ants
  A killer bee zombie (D:7)
  24 sheep
  An ogre skeleton (Lab)
  A hound zombie (D:10)
  2 hound skeletons
  A worker ant zombie (D:11)
  Robin (D:4)
  16 gnolls
  14 adders
  10 river rats
  3 shadow imps
  A white imp (D:7)
  5 oozes
  An adder zombie (D:5)
  An adder skeleton (D:5)
  5 worms
  A dart slug (D:2)
  4 giant geckos
  39 orcs
  5 giant cockroaches
  19 goblins
  15 hobgoblins
  10 jackals
  7 quokkas
  2 ball pythons
  9 bats
  9 giant newts
  2 goblin zombies (D:7)
  2 hobgoblin zombies (D:7)
  6 kobolds
  2 kobold skeletons (D:7)
  2 kobold zombies (D:7)
  An orc skeleton (D:7)
  An orc zombie (D:7)
  13 rats
  2 plants (Lair:2)
438 creatures vanquished.

Vanquished Creatures (others)
  A hog (Volcano)
  A hippogriff (D:3)
  An iguana (Lair:4)
  A fire vortex (Lair:3)
  11 plants
15 creatures vanquished.

Grand Total: 453 creatures vanquished

Notes
Turn   | Place    | Note
--------------------------------------------------------------
     0 | D:1      | Ratboiler the Draconian Wanderer began the quest for the Orb.
     0 | D:1      | Ratboiler set off with: 3 curare-tipped needles, a +2 blowgun, a potion of curing, a potion of lignification, a +0 dagger, a bread ration
     0 | D:1      | Reached XP level 1. HP: 17/17 MP: 1/1
   217 | D:1      | Reached XP level 2. HP: 23/24 MP: 2/2
   874 | D:1      | Reached XP level 3. HP: 25/29 MP: 3/3
  1636 | D:2      | Found a sparkling altar of Nemelex Xobeh.
  2093 | D:2      | Reached XP level 4. HP: 21/36 MP: 4/4
  2448 | D:2      | Found an opulent altar of Gozag.
  2519 | D:2      | Became a worshipper of Gozag Ym Sagoz the Greedy
  2532 | D:2      | Found a radiant altar of Vehumet.
  2852 | D:2      | Gained mutation: You evolve. [potion of beneficial mutation]
  2853 | D:2      | Gained mutation: Your large and strong wings let you fly indefinitely. [potion of beneficial mutation]
  3465 | D:3      | Reached XP level 5. HP: 31/41 MP: 5/5
  3541 | D:3      | Found a deep blue altar of Sif Muna.
  3862 | D:3      | Found a burning altar of Makhleb.
  4019 | D:3      | Found an ancient bone altar of Kikubaaqudgha.
  4863 | D:3      | Reached skill level 5 in Dodging
  4942 | D:3      | Gained mutation: You have large cloven feet. [evolution]
  5754 | D:3      | Found an oddly glowing altar of Pakellas.
  5754 | D:3      | Noticed an orange crystal statue
  5755 | D:3      | Noticed a hippogriff
  5767 | D:3      | Killed a hippogriff
  5770 | D:3      | Found an opulent altar of Gozag.
  5838 | D:4      | Reached XP level 6. HP: 27/48 MP: 6/6
  5850 | D:4      | Noticed ImaginaryIma's ghost (amateur DsNe)
  6090 | D:4      | Found a stormy altar of Qazlal.
  6151 | D:4      | Found Pezew's Gadget Boutique.
  6638 | D:4      | Reached skill level 2 in Maces & Flails
  6799 | D:4      | Noticed Robin
  6824 | D:4      | Reached skill level 3 in Maces & Flails
  6862 | D:4      | Killed Robin
  6949 | D:4      | Your scales start taking on a golden yellow colour.
  6949 | D:4      | Reached XP level 7. HP: 15/55 MP: 7/7
  7051 | D:4      | Lost mutation: You have large cloven feet. [evolution]
  7416 | D:4      | Reached skill level 4 in Maces & Flails
  7546 | D:5      | Entered Level 5 of the Dungeon
  7919 | D:5      | Reached skill level 5 in Maces & Flails
  7957 | D:5      | Found Ziodgh's Distillery.
  8453 | D:6      | Reached skill level 6 in Maces & Flails
  8456 | D:6      | Reached XP level 8. HP: 45/61 MP: 8/8
  8707 | D:6      | Reached skill level 7 in Maces & Flails
  8909 | D:6      | Bought a wavering copper amulet for 145 gold pieces
  8910 | D:6      | Identified the amulet of Vuduw {Faith rC+ MP+9 Int+3} (You bought it in a shop on level 6 of the Dungeon)
  9070 | D:6      | Gained mutation: Your magical capacity is low (-10% MP). [evolution]
  9074 | D:6      | Reached skill level 8 in Maces & Flails
  9248 | D:6      | Found a snail-covered altar of Cheibriados.
  9300 | D:7      | Found a staircase to the Ecumenical Temple.
  9707 | D:7      | Found a glowing golden altar of the Shining One.
  9739 | D:7      | Reached skill level 9 in Maces & Flails
 10020 | D:7      | Upgraded the game from 0.18-a0-1683-gf9322e6 to 0.18-a0-1685-g4482fe3
 10539 | D:7      | Found a sacrificial altar of Ru.
 10552 | D:7      | Reached XP level 9. HP: 60/67 MP: 8/8
 10673 | D:7      | Found a glowing golden altar of the Shining One.
 10763 | D:7      | Reached skill level 10 in Maces & Flails
 11844 | D:8      | Reached skill level 11 in Maces & Flails
 12794 | D:8      | Reached skill level 12 in Maces & Flails
 12797 | D:8      | Noticed a cyclops
 12924 | D:8      | Got a blackened hand axe
 12928 | D:8      | Identified the +2 hand axe of Isafiden {flame, rElec rPois rN+ Int+3} (You found it on level 8 of the Dungeon)
 12965 | D:8      | Reached XP level 10. HP: 66/77 MP: 9/9
 13114 | D:8      | Found an iron altar of Okawaru.
 13451 | D:9      | Reached skill level 5 in Fighting
 13699 | D:9      | Lost mutation: Your magical capacity is low (-10% MP). [evolution]
 14012 | D:9      | Found a glowing silver altar of Zin.
 14205 | D:10     | Entered Level 10 of the Dungeon
 14809 | D:10     | Found a staircase to the Orcish Mines.
 14874 | D:10     | Noticed Ijustatesigmund's ghost (novice OpAs)
 14889 | D:10     | Killed Ijustatesigmund's ghost
 14916 | D:9      | HP: 1/86 [komodo dragon (28)]
 15539 | D:10     | Reached XP level 11. HP: 78/94 MP: 11/11
 15682 | D:9      | HP: 4/94 [poisoned by a gnoll sergeant]
 15706 | D:9      | Reached skill level 1 in Shields
 16286 | D:10     | Found Xuadurule's Food Emporium.
 16618 | D:11     | Killed an unseen horror
 16880 | D:11     | Gained mutation: Your flesh is cold resistant. [evolution]
 16880 | D:11     | Lost mutation: You evolve. [end of evolution]
 16934 | D:11     | Noticed Kidiri's ghost (journeyman DEFE)
 16966 | D:11     | Upgraded the game from 0.18-a0-1685-g4482fe3 to 0.18-a0-1692-g516f9e9
 17173 | D:11     | Killed Kidiri's ghost
 17295 | D:11     | Found a staircase to the Lair.
 17489 | D:11     | Noticed Maud
 17752 | Lair:1   | Entered Level 1 of the Lair of Beasts
 18442 | Lair:1   | Noticed Urug
 19195 | Lair:1   | Reached skill level 10 in Dodging
 19335 | Lair:2   | Found a dark tunnel.
 19355 | Volcano  | Entered a volcano
 19530 | Volcano  | Noticed a deep elf mage
 19712 | Lair:2   | Reached skill level 10 in Fighting
 20484 | Lair:2   | Reached XP level 12. HP: 91/107 MP: 12/12
 20802 | Lair:3   | Noticed a death yak
 21072 | Lair:3   | Noticed a death yak
 21072 | Lair:3   | Noticed a death yak
 21073 | Lair:3   | Noticed a death yak
 21074 | Lair:3   | Noticed a death yak
 21094 | Lair:3   | Found a labyrinth entrance.
 21103 | Lab      | Entered a labyrinth
 22165 | Lab      | Found an exit through the horrors of the Abyss.
 22396 | Lab      | Found an exit through the horrors of the Abyss.
 22421 | Lab      | Noticed a minotaur
 22425 | Lab      | Killed a minotaur
 23801 | Lair:4   | HP: 7/168 [black mamba (8)]
 23813 | Lair:4   | HP: 4/168 [torpor snail (6)]
 23818 | Lair:4   | Mangled by a black mamba

Vault maps used:
D:1:      dpeg_arrival_morbid_curiosity, item_on_display_a
D:2:      lemuel_round_altar, nicolae_overflow_crystal_walls, first_bread,
          nicolae_gozag_seed_capital
D:3:      gammafunk_pakellas_statue_experiment, kiku_gazebo_pond_becter,
          nicolae_overflow_hidden_temple, minitemple, minmay_misc_feat_x
D:4:      lemuel_crystal_altar, serial_shops, shop, uniq_robin
D:5:      serial_shops, shop
D:6:      kennysheep_mini
D:7:      tso_oasis_becter, nicolae_ru_great_annihilating_truth,
          nicolae_tso_besieged_by_evil
D:8:      xom_redecorated, okawaru_humans
D:9:      kennysheep_little_box
D:10:     kennysheep_orc_monster_closet_entryway, serial_shops, shop
D:11:     dpeg_lair_monsters, enter_trove_0, uniq_maud
Lair:1:   lemuel_fruit_tree, uniq_urug
Lair:2:   nicolae_volcano_entry_hallway
Lair:3:   lab_entry_generic, serial_bayou_lake_a
Lair:4:   minmay_snake_entry_six_corridors, basic_altar,
          nicolae_lair_grove_arrangements
Lab:      labyrinth_skeletal_remains, nicolae_lab_flowing_pool,
          labyrinth_lava_lair, nicolae_lab_swirl, lab_fountain
Volcano:  volcano_village

Skill      XL: |  1  2  3  4  5  6  7  8  9 10 11 12 |
---------------+-------------------------------------+-----
Dodging        | 2 3 4 5 6 8 10 11 | 11.5
Maces & Flails | 3 6 9 12 | 12.0
Fighting       | 3 7 10 11 | 11.9
Shields        | 4 |  4.3
Staves         | |  3.0
Throwing       | |  1.0
Stealth        | |  2.6

Action                   |  1- 3 |  4- 6 |  7- 9 | 10-12 || total
-------------------------+-------+-------+-------+-------++-------
Melee: Dagger            |   262 |   242 |       |       ||   504
       Rapier            |       |   103 |       |       ||   103
       Whip              |       |    87 |   514 |  1157 ||  1758
 Fire: Blowgun           |       |     2 |       |       ||     2
Invok: Call Merchant     |       |       |     1 |     2 ||     3
 Abil: Spit Acid         |       |       |    10 |    20 ||    30
Evoke: Wand              |       |       |     2 |     7 ||     9
  Use: Potion            |     1 |     2 |     3 |    16 ||    22
       Scroll            |       |     8 |     2 |    13 ||    23
 Stab: Sleeping          |     6 |     3 |     3 |     7 ||    19
       Distracted        |       |       |     2 |     4 ||     6
  Eat: Chunk             |     4 |     1 |       |       ||     5
       Bread ration      |       |     3 |       |     5 ||     8
       Pizza             |       |     1 |     1 |       ||     2
       Meat ration       |       |       |     4 |     2 ||     6
       Beef jerky        |       |       |       |     1 ||     1
       Fruit             |       |       |       |     8 ||     8
